[ AOE2 MATCH · #466590851 ]
UnrankedGoths vs Italians
[ REPLAY ANALYSIS · EXTRACTED FROM THE RECORDED GAME ]
Feudal
13:47
Castle
21:35
Imperial
38:17
| APM avg | 35.9 |
| APM peak | 78 |
| eAPM avg | 18.2 |
| Villagers / military | 146 / 132 |
Focus
⚔️ 34.3% · 🌾 65.7%
Spearman ×61 · Huskarl ×46 · Galley ×20 · Fishing Ship ×7 · Demolition Raft ×2 · Trebuchet (Packed) ×2
Feudal
13:20
Castle
17:55
Imperial
—
| APM avg | 25.7 |
| APM peak | 89 |
| eAPM avg | 14.4 |
| Villagers / military | 57 / 6 |
Focus
⚔️ 42.9% · 🌾 57.1%
Fishing Ship ×12 · Monk ×3 · Mangonel ×3
Feudal
11:49
Castle
22:49
Imperial
39:26
| APM avg | 39.0 |
| APM peak | 81 |
| eAPM avg | 17.0 |
| Villagers / military | 117 / 67 |
Focus
⚔️ 34.6% · 🌾 65.4%
Archer ×66 · Unknown (1944) ×8 · Fishing Ship ×7 · Unknown (1942) ×6 · Monk ×1
Feudal
12:58
Castle
26:27
Imperial
42:23
| APM avg | 44.2 |
| APM peak | 94 |
| eAPM avg | 23.4 |
| Villagers / military | 149 / 141 |
Focus
⚔️ 30.0% · 🌾 70.0%
Galley ×69 · Militia ×53 · Centurion ×13 · Fishing Ship ×13 · Demolition Raft ×4 · Fire Galley ×2
Feudal
12:41
Castle
26:48
Imperial
—
| APM avg | 47.8 |
| APM peak | 94 |
| eAPM avg | 17.4 |
| Villagers / military | 146 / 29 |
Focus
⚔️ 22.6% · 🌾 77.4%
Archer ×10 · Fishing Ship ×8 · Scout Cavalry ×7 · War Wagon ×6 · Knight ×4 · Monk ×2
Feudal
14:00
Castle
19:15
Imperial
—
| APM avg | 37.5 |
| APM peak | 75 |
| eAPM avg | 12.9 |
| Villagers / military | 56 / 40 |
Focus
⚔️ 32.9% · 🌾 67.1%
Janissary ×37 · Fishing Ship ×13 · Mangonel ×3
Match map
Initial resources + every placement click. Lines = walls · curves = elevation contours. ◆ gold · ⬟ stone · ● berries · ✦ relic · ◌ wall gap
Inputs per minute
— marcoAntonio - - The Chancellor
Build order — marcoAntonio
First 150 of 450 actions detected
| 0:10 | Build | Town Center |
| 2:46 | Create | Villager (Male) ×4 |
| 2:47 | Create | Villager (Male) ×4 |
| 2:53 | Build | House |
| 3:07 | Build | Dock |
| 4:09 | Build | House |
| 4:20 | Research | Loom |
| 4:35 | Create | Fishing Ship |
| 4:35 | Create | Fishing Ship |
| 4:59 | Create | Fishing Ship |
| 4:59 | Create | Fishing Ship |
| 5:54 | Create | Villager (Male) ×2 |
| 6:20 | Create | Villager (Male) |
| 6:20 | Create | Villager (Male) |
| 6:33 | Create | Villager (Male) |
| 6:33 | Create | Villager (Male) |
| 6:44 | Create | Villager (Male) |
| 6:44 | Create | Villager (Male) |
| 7:19 | Build | House |
| 7:25 | Create | Villager (Male) |
| 7:26 | Create | Villager (Male) |
| 8:07 | Create | Villager (Male) ×4 |
| 8:09 | Create | Fishing Ship |
| 8:58 | Create | Fishing Ship |
| 9:01 | Build | House |
| 9:27 | Create | Villager (Male) ×2 |
| 9:27 | Create | Villager (Male) ×2 |
| 9:28 | Create | Villager (Male) |
| 9:28 | Create | Villager (Male) |
| 9:52 | Create | Fishing Ship |
| 10:41 | Build | Lumber Camp |
| 11:17 | Build | House |
| 11:37 | Research | Feudal Age |
| 12:20 | Build | Dock |
| 13:10 | Create | Villager (Male) |
| 13:14 | Build | House |
| 13:47 | Age | Feudal Age |
| 13:50 | Build | Blacksmith |
| 13:52 | Create | Galley |
| 13:52 | Create | Galley |
| 13:53 | Create | Villager (Male) |
| 14:15 | Create | Villager (Male) |
| 14:32 | Build | Mill |
| 14:37 | Research | Fletching |
| 14:41 | Create | Galley |
| 14:41 | Create | Galley |
| 15:06 | Create | Villager (Male) |
| 15:07 | Create | Villager (Male) |
| 15:28 | Create | Galley |
| 15:28 | Create | Galley |
| 15:36 | Build | House |
| 15:46 | Research | Wheelbarrow |
| 15:55 | Research | Double-Bit Axe |
| 16:31 | Create | Villager (Male) |
| 16:33 | Create | Galley |
| 16:33 | Create | Galley |
| 16:42 | Create | Galley |
| 17:02 | Create | Villager (Male) |
| 17:40 | Build | Market |
| 17:50 | Create | Villager (Male) |
| 18:27 | Create | Villager (Male) |
| 18:32 | Build | House |
| 18:55 | Research | Castle Age |
| 18:55 | Research | Castle Age |
| 19:10 | Build | House |
| 19:27 | Research | Horse Collar |
| 19:47 | Build | House |
| 20:26 | Build | House |
| 20:31 | Create | Galley |
| 20:31 | Create | Galley |
| 20:31 | Create | Galley |
| 20:37 | Build | Dock |
| 20:45 | Build | Mining Camp |
| 21:00 | Build | House |
| 21:23 | Create | Galley |
| 21:24 | Create | Galley |
| 21:28 | Create | Villager (Male) |
| 21:30 | Research | Gold Mining |
| 21:35 | Age | Castle Age |
| 21:46 | Build | Town Center |
| 21:56 | Create | Villager (Male) |
| 22:02 | Research | Bodkin Arrow |
| 22:15 | Research | War Galley (upgrade) |
| 22:15 | Research | War Galley (upgrade) |
| 22:31 | Create | Villager (Male) |
| 22:31 | Create | Villager (Male) |
| 22:41 | Create | Villager (Male) |
| 23:06 | Create | Galley |
| 23:06 | Create | Galley |
| 23:08 | Create | Villager (Male) |
| 23:28 | Create | Villager (Male) |
| 23:51 | Create | Galley |
| 23:51 | Create | Galley |
| 23:59 | Create | Villager (Male) |
| 24:14 | Create | Galley |
| 24:14 | Create | Galley |
| 24:15 | Create | Villager (Male) |
| 24:27 | Create | Villager (Male) |
| 24:56 | Build | Town Center |
| 24:57 | Create | Villager (Male) |
| 25:08 | Create | Villager (Male) |
| 25:10 | Create | Villager (Male) |
| 25:35 | Build | House |
| 25:42 | Create | Villager (Male) |
| 25:52 | Research | Hand Cart |
| 25:54 | Create | Villager (Male) |
| 26:04 | Create | Villager (Male) |
| 26:04 | Create | Villager (Male) |
| 26:04 | Create | Villager (Male) |
| 26:06 | Research | Bow Saw |
| 26:15 | Create | Transport Ship |
| 26:46 | Create | Villager (Male) |
| 26:48 | Build | House |
| 26:57 | Create | Demolition Raft |
| 27:05 | Create | Villager (Male) |
| 27:14 | Create | Villager (Male) |
| 27:15 | Create | Villager (Male) |
| 27:20 | Create | Villager (Male) |
| 27:32 | Create | Villager (Male) |
| 27:35 | Build | Lumber Camp |
| 27:49 | Create | Demolition Raft |
| 27:51 | Create | Villager (Male) |
| 28:01 | Create | Villager (Male) |
| 28:14 | Build | Farm |
| 28:14 | Create | Villager (Male) |
| 28:18 | Build | Farm |
| 28:18 | Build | Farm |
| 28:18 | Build | Farm |
| 28:18 | Build | Farm |
| 28:18 | Build | Farm |
| 28:19 | Build | Farm |
| 28:19 | Build | Farm |
| 28:21 | Create | Villager (Male) |
| 28:34 | Create | Villager (Male) |
| 28:34 | Create | Villager (Male) |
| 28:38 | Build | Farm |
| 28:45 | Create | Villager (Male) |
| 28:45 | Create | Villager (Male) |
| 28:51 | Build | Farm |
| 28:51 | Build | Farm |
| 28:51 | Build | Farm |
| 28:51 | Build | Farm |
| 28:52 | Build | Farm |
| 28:52 | Build | Farm |
| 28:52 | Build | Farm |
| 29:01 | Build | Lumber Camp |
| 29:03 | Create | Villager (Male) |
| 29:11 | Build | Farm |
| 29:11 | Build | Farm |
| 29:11 | Build | Farm |
Build order — The Chancellor
115 actions detected in the replay
| 0:05 | Build | Town Center |
| 0:51 | Build | Dock |
| 0:53 | Build | House |
| 2:38 | Create | Villager (Male) |
| 2:38 | Create | Villager (Male) |
| 2:39 | Create | Villager (Male) |
| 2:39 | Create | Villager (Male) |
| 2:58 | Research | Loom |
| 2:59 | Create | Villager (Male) |
| 3:00 | Create | Villager (Male) |
| 3:00 | Create | Villager (Male) |
| 3:58 | Create | Villager (Male) |
| 3:58 | Create | Villager (Male) |
| 4:46 | Create | Fishing Ship |
| 4:47 | Create | Fishing Ship |
| 5:00 | Build | House |
| 5:07 | Create | Villager (Male) |
| 5:43 | Build | House |
| 5:53 | Create | Villager (Male) |
| 5:54 | Create | Fishing Ship |
| 6:21 | Create | Villager (Male) |
| 6:37 | Create | Villager (Male) |
| 6:40 | Create | Fishing Ship |
| 6:59 | Create | Villager (Male) |
| 7:26 | Create | Villager (Male) |
| 7:27 | Create | Villager (Male) |
| 7:27 | Create | Villager (Male) |
| 7:33 | Create | Fishing Ship |
| 7:50 | Build | House |
| 7:53 | Create | Villager (Male) |
| 8:13 | Create | Villager (Male) |
| 8:33 | Create | Villager (Male) |
| 8:33 | Create | Villager (Male) |
| 8:36 | Create | Fishing Ship |
| 8:54 | Create | Villager (Male) |
| 9:15 | Create | Fishing Ship |
| 9:15 | Create | Villager (Male) |
| 9:16 | Create | Villager (Male) |
| 9:18 | Create | Villager (Male) |
| 9:18 | Create | Villager (Male) |
| 9:25 | Build | House |
| 10:33 | Build | Mill |
| 10:41 | Create | Villager (Male) |
| 11:10 | Research | Feudal Age |
| 11:10 | Research | Feudal Age |
| 11:15 | Create | Villager (Male) |
| 11:22 | Build | Mining Camp |
| 11:29 | Build | House |
| 12:07 | Create | Villager (Male) |
| 13:20 | Age | Feudal Age |
| 13:23 | Create | Villager (Male) |
| 14:06 | Build | Mining Camp |
| 14:22 | Build | Blacksmith |
| 14:28 | Build | Market |
| 14:37 | Build | House |
| 14:42 | Build | Stone Wall |
| 15:15 | Research | Castle Age |
| 15:15 | Research | Castle Age |
| 15:16 | Research | Wheelbarrow |
| 16:04 | Build | Mining Camp |
| 16:15 | Build | Palisade Wall |
| 16:33 | Research | Fletching |
| 16:33 | Research | Fletching |
| 17:55 | Age | Castle Age |
| 17:57 | Build | Siege Workshop |
| 18:45 | Create | Mangonel |
| 18:45 | Create | Mangonel |
| 19:22 | Create | Villager (Male) |
| 19:22 | Create | Villager (Male) |
| 19:45 | Create | Villager (Male) |
| 19:52 | Create | Villager (Male) |
| 20:04 | Create | Mangonel |
| 20:05 | Create | Villager (Male) |
| 20:26 | Create | Villager (Male) |
| 20:33 | Create | Villager (Male) |
| 21:30 | Build | Lumber Camp |
| 21:39 | Create | Villager (Male) |
| 21:40 | Create | Villager (Male) |
| 22:56 | Create | Villager (Male) |
| 22:56 | Create | Villager (Male) |
| 23:55 | Create | Villager (Male) |
| 23:55 | Create | Villager (Male) |
| 25:39 | Create | Villager (Male) |
| 25:50 | Build | House |
| 25:59 | Build | Building 665 |
| 27:21 | Build | House |
| 30:45 | Build | Monastery |
| 31:06 | Build | Castle |
| 31:35 | Build | University |
| 31:43 | Build | Building 487 |
| 32:20 | Build | Building 796 |
| 33:44 | Create | Fishing Ship |
| 33:44 | Create | Fishing Ship |
| 35:23 | Create | Monk |
| 35:23 | Create | Monk |
| 35:33 | Build | Outpost |
| 35:55 | Build | Town Center |
| 38:10 | Create | Villager (Male) |
| 38:11 | Create | Villager (Male) |
| 38:48 | Create | Fishing Ship |
| 39:34 | Create | Villager (Male) |
| 40:02 | Create | Villager (Male) |
| 40:02 | Create | Villager (Male) |
| 40:30 | Create | Villager (Male) |
| 41:18 | Create | Villager (Male) |
| 41:30 | Create | Villager (Male) |
| 42:23 | Create | Monk |
| 42:26 | Create | Villager (Male) |
| 42:26 | Create | Villager (Male) |
| 42:51 | Create | Villager (Male) |
| 42:53 | Create | Villager (Male) |
| 43:12 | Create | Villager (Male) |
| 43:50 | Create | Fishing Ship |
| 44:04 | Create | Fishing Ship |
| 44:10 | Build | Mill |
Build order — edo
First 150 of 311 actions detected
| 0:06 | Build | Town Center |
| 0:35 | Build | Palisade Wall |
| 0:36 | Build | Palisade Wall |
| 0:37 | Build | Palisade Wall |
| 0:38 | Build | Palisade Wall |
| 1:17 | Build | House |
| 1:18 | Build | Dock |
| 2:40 | Create | Villager (Male) |
| 2:40 | Create | Villager (Male) |
| 2:40 | Create | Villager (Male) |
| 2:41 | Create | Villager (Male) |
| 2:41 | Create | Villager (Male) |
| 3:46 | Create | Villager (Male) |
| 3:46 | Create | Villager (Male) |
| 4:02 | Build | House |
| 4:26 | Create | Villager (Male) |
| 4:57 | Create | Villager (Male) |
| 4:57 | Create | Villager (Male) |
| 5:16 | Create | Fishing Ship |
| 5:32 | Create | Villager (Male) |
| 5:33 | Create | Villager (Male) |
| 5:54 | Create | Villager (Male) |
| 5:54 | Create | Villager (Male) |
| 6:00 | Build | House |
| 6:30 | Create | Villager (Male) |
| 6:31 | Create | Villager (Male) |
| 6:50 | Create | Villager (Male) |
| 6:51 | Create | Villager (Male) |
| 6:53 | Create | Fishing Ship |
| 6:53 | Create | Fishing Ship |
| 7:21 | Build | House |
| 7:34 | Create | Villager (Male) |
| 7:34 | Create | Villager (Male) |
| 7:37 | Create | Villager (Male) |
| 7:49 | Create | Fishing Ship |
| 8:28 | Build | Mining Camp |
| 8:43 | Create | Villager (Male) |
| 8:43 | Research | Loom |
| 9:32 | Research | Feudal Age |
| 9:43 | Build | Barracks |
| 10:19 | Build | House |
| 10:44 | Build | House |
| 11:28 | Create | Villager (Male) |
| 11:29 | Create | Villager (Male) |
| 11:49 | Age | Feudal Age |
| 11:51 | Build | Archery Range |
| 11:53 | Build | Archery Range |
| 11:57 | Build | Blacksmith |
| 12:04 | Create | Villager (Male) |
| 12:04 | Create | Villager (Male) |
| 12:34 | Create | Archer |
| 12:41 | Research | Fletching |
| 12:43 | Create | Archer |
| 12:43 | Create | Archer |
| 12:44 | Create | Archer |
| 12:46 | Create | Archer |
| 12:46 | Create | Archer |
| 12:48 | Create | Villager (Male) |
| 12:48 | Create | Villager (Male) |
| 13:02 | Build | Mill |
| 13:18 | Create | Archer |
| 13:30 | Create | Archer |
| 13:39 | Create | Villager (Male) |
| 14:19 | Create | Villager (Male) |
| 14:20 | Create | Archer |
| 14:20 | Create | Archer |
| 14:25 | Build | House |
| 14:42 | Create | Archer |
| 14:42 | Create | Archer |
| 15:03 | Build | House |
| 15:04 | Create | Villager (Male) |
| 15:04 | Create | Villager (Male) |
| 15:04 | Create | Villager (Male) |
| 15:13 | Create | Archer |
| 15:26 | Create | Villager (Male) |
| 15:32 | Build | House |
| 15:32 | Build | House |
| 15:34 | Create | Archer |
| 15:34 | Create | Archer |
| 15:50 | Create | Archer |
| 15:57 | Create | Villager (Male) |
| 15:57 | Create | Villager (Male) |
| 15:58 | Create | Villager (Male) |
| 16:01 | Build | House |
| 16:04 | Build | Lumber Camp |
| 16:23 | Create | Archer |
| 16:23 | Create | Archer |
| 16:48 | Create | Archer |
| 16:48 | Create | Archer |
| 17:25 | Create | Villager (Male) |
| 17:25 | Create | Villager (Male) |
| 17:45 | Create | Villager (Male) |
| 17:49 | Build | Farm |
| 17:49 | Build | Farm |
| 17:49 | Build | Farm |
| 18:23 | Create | Fishing Ship |
| 18:23 | Create | Fishing Ship |
| 18:24 | Create | Fishing Ship |
| 18:43 | Build | House |
| 18:44 | Build | House |
| 18:45 | Build | House |
| 18:47 | Create | Villager (Male) |
| 18:52 | Build | Farm |
| 20:06 | Create | Villager (Male) |
| 20:09 | Research | Castle Age |
| 20:09 | Research | Castle Age |
| 20:25 | Create | Archer |
| 20:25 | Create | Archer |
| 21:00 | Create | Archer |
| 21:00 | Create | Archer |
| 21:00 | Create | Archer |
| 21:10 | Build | Lumber Camp |
| 21:15 | Create | Archer |
| 21:22 | Build | House |
| 21:23 | Build | House |
| 21:23 | Build | House |
| 21:25 | Build | House |
| 21:42 | Research | Double-Bit Axe |
| 21:51 | Research | Padded Archer Armor |
| 22:38 | Create | Villager (Male) |
| 22:38 | Create | Villager (Male) |
| 22:49 | Age | Castle Age |
| 22:49 | Research | Crossbowman (upgrade) |
| 22:49 | Research | Crossbowman (upgrade) |
| 22:51 | Research | Bodkin Arrow |
| 22:58 | Build | University |
| 23:25 | Create | Archer |
| 23:26 | Create | Archer |
| 23:39 | Create | Archer |
| 23:45 | Create | Villager (Male) |
| 23:45 | Create | Villager (Male) |
| 23:45 | Create | Villager (Male) |
| 23:49 | Research | Ballistics |
| 23:57 | Build | Stable |
| 24:18 | Create | Archer |
| 24:19 | Create | Archer |
| 24:23 | Create | Villager (Male) |
| 24:23 | Create | Villager (Male) |
| 24:57 | Create | Unit 1944 |
| 24:57 | Create | Unit 1944 |
| 25:09 | Build | Farm |
| 25:09 | Build | Farm |
| 25:34 | Create | Villager (Male) |
| 25:35 | Create | Villager (Male) |
| 25:38 | Create | Unit 1944 |
| 25:39 | Create | Unit 1944 |
| 26:04 | Create | Archer |
| 26:04 | Create | Archer |
| 26:04 | Create | Archer |
| 26:05 | Create | Villager (Male) |
Build order — ShaggyJeff
First 150 of 381 actions detected
| 0:44 | Build | Town Center |
| 1:05 | Build | Dock |
| 1:23 | Build | Dock |
| 1:26 | Build | House |
| 2:56 | Create | Villager (Male) |
| 2:57 | Create | Villager (Male) |
| 2:57 | Create | Villager (Male) |
| 2:57 | Create | Villager (Male) |
| 2:57 | Create | Villager (Male) |
| 3:35 | Research | Loom |
| 3:35 | Create | Villager (Male) |
| 3:35 | Create | Villager (Male) |
| 3:35 | Create | Villager (Male) |
| 3:36 | Create | Villager (Male) |
| 4:06 | Create | Fishing Ship |
| 4:07 | Create | Fishing Ship |
| 4:07 | Create | Fishing Ship |
| 4:29 | Create | Villager (Male) |
| 4:30 | Create | Villager (Male) |
| 4:30 | Create | Villager (Male) |
| 4:48 | Build | House |
| 5:30 | Create | Villager (Male) |
| 5:30 | Create | Villager (Male) |
| 5:34 | Create | Fishing Ship |
| 5:35 | Create | Fishing Ship |
| 6:04 | Create | Villager (Male) |
| 6:05 | Create | Villager (Male) |
| 6:06 | Create | Fishing Ship |
| 6:27 | Create | Villager (Male) |
| 6:28 | Create | Villager (Male) |
| 6:36 | Build | House |
| 6:58 | Create | Villager (Male) |
| 6:58 | Create | Villager (Male) |
| 7:03 | Create | Villager (Male) |
| 7:03 | Create | Villager (Male) |
| 7:03 | Create | Villager (Male) |
| 7:05 | Create | Fishing Ship |
| 7:05 | Create | Fishing Ship |
| 7:22 | Create | Villager (Male) |
| 7:22 | Create | Villager (Male) |
| 7:42 | Create | Villager (Male) |
| 7:42 | Create | Villager (Male) |
| 7:45 | Build | House |
| 8:09 | Create | Villager (Male) |
| 8:12 | Create | Fishing Ship |
| 8:12 | Create | Fishing Ship |
| 8:13 | Create | Fishing Ship |
| 8:23 | Create | Villager (Male) |
| 8:23 | Create | Villager (Male) |
| 8:23 | Create | Villager (Male) |
| 8:31 | Create | Villager (Male) |
| 8:32 | Create | Villager (Male) |
| 8:32 | Create | Villager (Male) |
| 8:36 | Build | House |
| 9:14 | Create | Fishing Ship |
| 9:16 | Create | Fishing Ship |
| 9:57 | Create | Villager (Male) |
| 10:00 | Build | Mining Camp |
| 10:13 | Build | House |
| 10:21 | Create | Villager (Male) |
| 10:48 | Research | Feudal Age |
| 11:13 | Build | Dock |
| 11:43 | Create | Villager (Male) |
| 11:44 | Create | Villager (Male) |
| 11:44 | Create | Villager (Male) |
| 11:44 | Create | Villager (Male) |
| 11:50 | Build | Lumber Camp |
| 11:58 | Build | Palisade Wall |
| 12:43 | Build | Dock |
| 12:58 | Age | Feudal Age |
| 13:02 | Create | Fire Galley |
| 13:02 | Create | Fire Galley |
| 13:11 | Create | Galley |
| 13:12 | Create | Galley |
| 13:18 | Create | Villager (Male) |
| 13:20 | Research | Double-Bit Axe |
| 13:20 | Research | Double-Bit Axe |
| 13:21 | Research | Double-Bit Axe |
| 13:47 | Create | Galley |
| 13:47 | Create | Galley |
| 13:48 | Create | Galley |
| 13:55 | Create | Villager (Male) |
| 14:10 | Create | Galley |
| 14:11 | Create | Galley |
| 14:19 | Build | House |
| 14:22 | Build | House |
| 14:28 | Create | Galley |
| 14:28 | Create | Galley |
| 14:28 | Create | Galley |
| 14:49 | Build | House |
| 14:50 | Build | House |
| 14:56 | Create | Galley |
| 14:56 | Create | Galley |
| 14:57 | Create | Galley |
| 14:59 | Create | Villager (Male) |
| 15:00 | Create | Villager (Male) |
| 15:00 | Create | Villager (Male) |
| 15:01 | Create | Villager (Male) |
| 15:01 | Create | Villager (Male) |
| 15:13 | Create | Galley |
| 15:13 | Create | Galley |
| 15:38 | Create | Galley ×2 |
| 15:39 | Create | Galley ×2 |
| 15:39 | Create | Galley ×2 |
| 15:47 | Build | House |
| 15:57 | Create | Galley |
| 15:57 | Create | Galley |
| 16:05 | Create | Galley |
| 16:17 | Create | Villager (Male) |
| 16:34 | Build | House |
| 16:55 | Build | Blacksmith |
| 16:57 | Create | Villager (Male) |
| 16:57 | Create | Villager (Male) |
| 16:58 | Create | Villager (Male) |
| 16:58 | Create | Villager (Male) |
| 17:10 | Create | Galley |
| 17:11 | Create | Galley |
| 17:11 | Create | Galley |
| 17:11 | Create | Galley |
| 17:11 | Create | Galley |
| 17:27 | Create | Galley |
| 17:28 | Create | Galley |
| 17:28 | Create | Galley |
| 17:37 | Research | Fletching |
| 17:38 | Research | Fletching |
| 17:55 | Create | Galley ×3 |
| 17:58 | Create | Villager (Male) |
| 17:58 | Create | Villager (Male) |
| 17:59 | Create | Villager (Male) |
| 18:17 | Build | Mill |
| 18:41 | Build | House |
| 18:42 | Build | House |
| 18:43 | Build | House |
| 19:03 | Create | Galley |
| 19:03 | Create | Galley |
| 19:34 | Create | Galley |
| 19:34 | Create | Galley |
| 19:34 | Create | Galley |
| 19:54 | Create | Galley |
| 19:54 | Create | Galley |
| 20:11 | Create | Galley |
| 20:12 | Create | Galley |
| 20:16 | Create | Villager (Male) |
| 20:16 | Create | Villager (Male) |
| 20:17 | Create | Villager (Male) |
| 20:17 | Create | Villager (Male) |
| 20:18 | Create | Villager (Male) |
| 20:18 | Create | Villager (Male) |
| 20:18 | Create | Villager (Male) |
| 20:59 | Create | Villager (Male) |
Build order — Frigma
First 150 of 314 actions detected
| 0:13 | Build | Town Center |
| 0:54 | Build | Dock |
| 0:55 | Build | House |
| 2:35 | Create | Villager (Male) |
| 2:35 | Create | Villager (Male) |
| 2:35 | Create | Villager (Male) |
| 2:36 | Create | Villager (Male) |
| 3:49 | Create | Fishing Ship |
| 4:08 | Create | Villager (Male) |
| 4:23 | Build | House |
| 4:38 | Research | Loom |
| 5:13 | Create | Villager (Male) |
| 5:13 | Create | Villager (Male) |
| 5:25 | Create | Fishing Ship |
| 5:31 | Create | Villager (Male) |
| 5:31 | Create | Villager (Male) |
| 5:58 | Create | Villager (Male) |
| 5:58 | Create | Villager (Male) |
| 6:08 | Build | House |
| 6:19 | Create | Villager (Male) |
| 6:20 | Create | Villager (Male) |
| 6:42 | Create | Villager (Male) |
| 7:17 | Create | Villager (Male) |
| 7:17 | Create | Fishing Ship |
| 7:18 | Create | Fishing Ship |
| 7:56 | Create | Villager (Male) |
| 7:58 | Create | Fishing Ship |
| 8:01 | Build | House |
| 8:02 | Create | Villager (Male) |
| 8:16 | Create | Fishing Ship |
| 8:40 | Create | Villager (Male) |
| 8:57 | Create | Fishing Ship |
| 9:16 | Create | Villager (Male) |
| 9:39 | Build | Mining Camp |
| 9:43 | Create | Villager (Male) |
| 10:14 | Create | Villager (Male) |
| 10:21 | Build | House |
| 10:31 | Research | Feudal Age |
| 10:31 | Research | Feudal Age |
| 11:10 | Build | Outpost |
| 11:13 | Create | Villager (Male) |
| 11:25 | Build | Barracks |
| 11:31 | Build | House |
| 11:45 | Create | Fishing Ship |
| 12:19 | Build | Outpost |
| 12:41 | Age | Feudal Age |
| 12:46 | Build | Watch Tower |
| 12:50 | Create | Villager (Male) |
| 13:10 | Create | Villager (Male) |
| 13:19 | Build | Archery Range |
| 13:20 | Create | Villager (Male) |
| 13:24 | Build | Palisade Gate |
| 13:50 | Build | House |
| 13:55 | Build | House |
| 14:19 | Build | Watch Tower |
| 14:20 | Create | Archer |
| 14:26 | Create | Villager (Male) |
| 14:35 | Build | Blacksmith |
| 14:35 | Create | Villager (Male) |
| 15:11 | Build | Watch Tower |
| 15:19 | Create | Villager (Male) |
| 15:28 | Create | Archer |
| 15:28 | Create | Archer |
| 15:45 | Create | Villager (Male) |
| 15:53 | Create | Archer |
| 15:59 | Research | Fletching |
| 16:00 | Create | Villager (Male) |
| 16:10 | Build | Building 800 |
| 16:16 | Create | Villager (Male) |
| 16:22 | Create | Archer |
| 16:22 | Create | Villager (Male) |
| 17:01 | Create | Villager (Male) |
| 17:10 | Create | Villager (Male) |
| 17:38 | Create | Villager (Male) |
| 17:42 | Build | Watch Tower |
| 17:55 | Build | Mill |
| 18:26 | Create | Archer |
| 18:26 | Create | Archer |
| 18:36 | Build | Farm |
| 18:36 | Build | Farm |
| 18:36 | Build | Farm |
| 18:38 | Build | Farm |
| 18:38 | Build | Farm |
| 18:39 | Build | Farm |
| 18:56 | Build | Watch Tower |
| 19:05 | Create | Archer |
| 19:05 | Create | Archer |
| 19:12 | Create | Villager (Male) |
| 19:51 | Create | Archer |
| 19:52 | Create | Villager (Male) |
| 19:52 | Create | Villager (Male) |
| 19:54 | Build | Farm |
| 20:23 | Create | Villager (Male) |
| 20:28 | Build | Stable |
| 20:32 | Build | Stable |
| 20:32 | Create | Villager (Male) |
| 20:37 | Create | Villager (Male) |
| 20:37 | Create | Villager (Male) |
| 21:06 | Build | Watch Tower |
| 21:09 | Create | Villager (Male) |
| 21:19 | Create | Scout Cavalry |
| 21:44 | Build | House |
| 21:48 | Create | Scout Cavalry |
| 22:00 | Create | Scout Cavalry |
| 22:38 | Create | Scout Cavalry |
| 22:38 | Create | Villager (Male) |
| 22:51 | Create | Villager (Male) |
| 22:55 | Create | Scout Cavalry |
| 22:56 | Create | Villager (Male) |
| 23:08 | Build | Market |
| 23:09 | Create | Villager (Male) |
| 23:11 | Create | Scout Cavalry |
| 23:39 | Build | House |
| 23:39 | Create | Villager (Male) |
| 24:08 | Research | Castle Age |
| 24:27 | Create | Scout Cavalry |
| 24:30 | Build | Farm |
| 24:30 | Build | Farm |
| 24:30 | Build | Farm |
| 24:31 | Build | Farm |
| 24:31 | Build | Farm |
| 24:31 | Build | Farm |
| 24:32 | Create | Villager (Male) |
| 26:48 | Age | Castle Age |
| 26:49 | Research | Bodkin Arrow |
| 26:53 | Create | Knight |
| 27:05 | Build | Castle |
| 27:09 | Create | Villager (Male) |
| 27:49 | Build | Castle |
| 27:51 | Create | Villager (Male) |
| 27:59 | Create | Villager (Male) |
| 28:00 | Build | House |
| 28:20 | Build | Watch Tower |
| 28:21 | Create | Villager (Male) |
| 28:23 | Create | Villager (Male) |
| 28:32 | Create | Knight |
| 28:53 | Create | Villager (Male) |
| 29:00 | Create | Villager (Male) |
| 29:10 | Create | Villager (Male) |
| 29:17 | Build | Watch Tower |
| 29:29 | Build | Stone Wall |
| 29:30 | Create | Villager (Male) |
| 29:34 | Create | Villager (Male) |
| 29:41 | Build | Lumber Camp |
| 30:01 | Create | Knight |
| 30:43 | Create | Villager (Male) |
| 30:48 | Build | Mining Camp |
| 31:01 | Create | Villager (Male) |
| 31:16 | Create | Knight |
| 31:39 | Create | Villager (Male) |
Build order — Hornet-Wing
First 150 of 161 actions detected
| 0:27 | Build | Town Center |
| 1:44 | Build | Dock |
| 1:46 | Build | House |
| 2:50 | Create | Villager (Male) ×4 |
| 4:27 | Build | House |
| 4:32 | Create | Villager (Male) |
| 4:46 | Create | Fishing Ship |
| 5:01 | Research | Loom |
| 5:11 | Build | House |
| 5:29 | Create | Villager (Male) |
| 5:57 | Create | Fishing Ship |
| 5:58 | Create | Villager (Male) |
| 6:25 | Create | Villager (Male) |
| 6:50 | Create | Fishing Ship |
| 6:57 | Create | Villager (Male) |
| 7:20 | Create | Villager (Male) |
| 7:28 | Create | Fishing Ship |
| 7:42 | Create | Villager (Male) |
| 8:02 | Create | Villager (Male) |
| 8:13 | Create | Fishing Ship |
| 8:16 | Build | House |
| 8:24 | Create | Villager (Male) |
| 8:48 | Create | Fishing Ship |
| 8:57 | Create | Villager (Male) |
| 9:17 | Create | Villager (Male) |
| 9:20 | Build | House |
| 9:31 | Create | Villager (Male) |
| 9:35 | Create | Fishing Ship |
| 9:42 | Build | House |
| 9:46 | Build | House |
| 9:55 | Create | Villager (Male) |
| 10:07 | Build | House |
| 10:30 | Create | Villager (Male) |
| 11:16 | Build | Mill |
| 11:23 | Build | Lumber Camp |
| 11:25 | Create | Villager (Male) |
| 11:46 | Research | Feudal Age |
| 11:46 | Research | Feudal Age |
| 12:23 | Build | Palisade Wall |
| 12:47 | Build | Mill |
| 12:59 | Build | Mill |
| 13:09 | Build | Outpost |
| 13:33 | Build | Outpost |
| 14:00 | Create | Villager (Male) |
| 14:00 | Create | Villager (Male) |
| 14:00 | Age | Feudal Age |
| 14:07 | Build | Market |
| 14:15 | Build | Palisade Wall |
| 14:16 | Build | Palisade Wall |
| 14:17 | Build | Palisade Wall |
| 15:12 | Build | House |
| 15:15 | Build | House |
| 15:22 | Build | Palisade Wall |
| 15:25 | Build | Blacksmith |
| 15:46 | Build | Palisade Wall |
| 16:09 | Build | Building 800 |
| 16:35 | Research | Castle Age |
| 16:52 | Build | Building 800 |
| 17:33 | Build | Mining Camp |
| 19:15 | Age | Castle Age |
| 19:31 | Build | Castle |
| 19:54 | Build | Palisade Gate |
| 20:05 | Build | Lumber Camp |
| 20:07 | Create | Villager (Male) |
| 20:09 | Create | Villager (Male) |
| 20:59 | Create | Villager (Male) |
| 21:00 | Create | Villager (Male) |
| 21:08 | Create | Janissary |
| 21:08 | Create | Janissary |
| 21:17 | Create | Janissary |
| 21:29 | Create | Janissary |
| 21:40 | Create | Villager (Male) |
| 22:01 | Research | Padded Archer Armor |
| 22:04 | Create | Janissary |
| 22:16 | Create | Janissary |
| 22:36 | Create | Villager (Male) |
| 22:42 | Create | Janissary |
| 22:51 | Build | Siege Workshop |
| 23:26 | Create | Janissary |
| 23:45 | Create | Janissary |
| 23:58 | Create | Villager (Male) |
| 24:10 | Build | Lumber Camp |
| 24:55 | Build | Building 490 |
| 25:42 | Build | House |
| 25:45 | Build | House |
| 25:59 | Create | Villager (Male) ×4 |
| 26:18 | Create | Villager (Male) |
| 26:31 | Create | Janissary |
| 26:32 | Create | Villager (Male) |
| 26:52 | Create | Janissary |
| 26:53 | Create | Villager (Male) |
| 26:56 | Create | Villager (Male) |
| 27:11 | Create | Janissary |
| 27:13 | Create | Janissary |
| 27:15 | Create | Villager (Male) |
| 27:22 | Create | Janissary |
| 27:34 | Create | Mangonel |
| 27:41 | Build | Building 490 |
| 28:14 | Build | Stone Wall |
| 28:38 | Create | Janissary |
| 29:08 | Create | Mangonel |
| 29:55 | Create | Janissary |
| 30:17 | Create | Janissary |
| 30:49 | Create | Villager (Male) |
| 30:55 | Create | Janissary |
| 31:09 | Build | Building 665 |
| 31:22 | Create | Janissary ×3 |
| 31:53 | Create | Janissary |
| 32:19 | Build | House |
| 32:54 | Build | House |
| 33:14 | Build | Mining Camp |
| 33:43 | Build | House |
| 34:03 | Build | House |
| 34:11 | Create | Janissary ×3 |
| 34:34 | Build | House |
| 34:44 | Build | House |
| 35:14 | Build | House |
| 35:25 | Create | Mangonel |
| 35:25 | Create | Villager (Male) |
| 35:43 | Create | Janissary |
| 35:52 | Create | Villager (Male) |
| 36:19 | Create | Villager (Male) |
| 36:21 | Create | Fishing Ship ×2 |
| 36:48 | Create | Villager (Male) |
| 37:03 | Create | Villager (Male) |
| 37:07 | Create | Janissary |
| 37:32 | Create | Villager (Male) |
| 37:42 | Build | Lumber Camp |
| 38:11 | Create | Villager (Male) |
| 38:11 | Create | Villager (Male) |
| 38:17 | Create | Villager (Male) ×4 |
| 38:24 | Create | Janissary |
| 38:24 | Create | Janissary |
| 38:27 | Create | Villager (Male) |
| 38:55 | Create | Villager (Male) |
| 38:58 | Build | Watch Tower |
| 39:37 | Build | Farm |
| 39:38 | Build | Farm |
| 39:38 | Build | Farm |
| 39:38 | Build | Farm |
| 39:39 | Build | Farm |
| 39:39 | Build | Farm |
| 39:39 | Build | Farm |
| 39:39 | Build | Farm |
| 39:39 | Build | Farm |
| 39:40 | Build | Farm |
| 39:40 | Build | Farm |
| 40:38 | Build | Lumber Camp |
| 40:51 | Create | Janissary |
| 41:09 | Create | Villager (Male) |
Match timeline
| 0:35 | edo · wall_segment Palisade Wall x1 |
| 0:36 | edo · wall_segment Palisade Wall x1 |
| 0:37 | edo · wall_segment Palisade Wall x1 |
| 0:38 | edo · wall_segment Palisade Wall x1 |
| 0:51 | The Chancellor · first_building Dock |
| 0:54 | Frigma · first_building Dock |
| 1:05 | ShaggyJeff · first_building Dock |
| 1:18 | edo · first_building Dock |
| 1:44 | Hornet-Wing · first_building Dock |
| 3:07 | marcoAntonio · first_building Dock |
| 9:43 | edo · first_building Barracks |
| 11:25 | Frigma · first_building Barracks |
| 11:49 | edo · age_up feudal |
| 11:51 | edo · first_building Archery Range |
| 11:58 | ShaggyJeff · wall_segment Palisade Wall x10 |
| 12:23 | Hornet-Wing · wall_segment Palisade Wall x7 |
| 12:41 | Frigma · age_up feudal |
| 12:58 | ShaggyJeff · age_up feudal |
| 13:19 | Frigma · first_building Archery Range |
| 13:20 | The Chancellor · age_up feudal |
| 13:47 | marcoAntonio · age_up feudal |
| 14:00 | Hornet-Wing · age_up feudal |
| 14:15 | Hornet-Wing · wall_segment Palisade Wall x1 |
| 14:16 | Hornet-Wing · wall_segment Palisade Wall x1 |
| 14:17 | Hornet-Wing · wall_segment Palisade Wall x1 |
| 14:42 | The Chancellor · wall_segment Stone Wall x1 |
| 15:22 | Hornet-Wing · wall_segment Palisade Wall x1 |
| 15:46 | Hornet-Wing · wall_segment Palisade Wall x9 |
| 16:01 | The Chancellor · first_market_sell 100 food |
| 16:02 | The Chancellor · first_market_buy 100 wood |
| 16:15 | The Chancellor · wall_segment Palisade Wall x9 |
| 17:26 | Hornet-Wing · first_market_buy 100 stone |
| 17:28 | Hornet-Wing · first_market_sell 100 food |
| 17:55 | The Chancellor · age_up castle |
| 17:57 | The Chancellor · first_building Siege Workshop |
| 19:15 | Hornet-Wing · age_up castle |
| 19:31 | Hornet-Wing · first_building Castle |
| 20:28 | Frigma · first_building Stable |
| 21:35 | marcoAntonio · age_up castle |
| 22:49 | edo · age_up castle |
| 22:51 | Hornet-Wing · first_building Siege Workshop |
| 23:56 | Frigma · first_market_sell 100 stone |
| 23:57 | Frigma · first_market_buy 100 food |
| 23:57 | edo · first_building Stable |
| 26:27 | ShaggyJeff · age_up castle |
| 26:47 | ShaggyJeff · first_building Castle |
| 26:48 | Frigma · age_up castle |
| 27:05 | Frigma · first_building Castle |
| 27:27 | ShaggyJeff · first_market_sell 100 food |
| 27:27 | ShaggyJeff · first_market_buy 100 stone |
| 28:14 | Hornet-Wing · wall_segment Stone Wall x9 |
| 29:29 | Frigma · wall_segment Stone Wall x14 |
| 30:13 | marcoAntonio · first_building Barracks |
| 30:45 | The Chancellor · first_building Monastery |
| 30:59 | edo · first_building Monastery |
| 31:06 | The Chancellor · first_building Castle |
| 33:08 | marcoAntonio · first_market_buy 100 stone |
| 33:37 | marcoAntonio · first_building Castle |
| 33:56 | edo · first_building Castle |
| 33:58 | marcoAntonio · wall_segment Palisade Wall x7 |
| 35:07 | edo · first_market_buy 500 food |
| 35:09 | ShaggyJeff · wall_segment Palisade Wall x2 |
| 35:10 | edo · first_market_sell 500 wood |
| 35:15 | marcoAntonio · first_building Archery Range |
| 35:35 | ShaggyJeff · tribute_sent a jugador 1 |
| 35:35 | ShaggyJeff · tribute_sent a jugador 2 |
| 35:35 | ShaggyJeff · tribute_sent a jugador 4 |
| 35:35 | ShaggyJeff · tribute_sent a jugador 5 |
| 35:35 | ShaggyJeff · tribute_sent a jugador 6 |
| 35:49 | ShaggyJeff · tribute_sent a jugador 1 |
| 35:49 | ShaggyJeff · tribute_sent a jugador 2 |
| 35:49 | ShaggyJeff · tribute_sent a jugador 4 |
| 35:49 | ShaggyJeff · tribute_sent a jugador 5 |
| 35:49 | ShaggyJeff · tribute_sent a jugador 6 |
| 35:51 | Frigma · first_building Monastery |
| 38:17 | marcoAntonio · age_up imperial |
| 38:41 | ShaggyJeff · first_building Barracks |
| 39:26 | edo · age_up imperial |
| 39:35 | marcoAntonio · first_market_sell 100 food |
| 39:52 | edo · first_building Siege Workshop |
| 42:23 | ShaggyJeff · age_up imperial |
| 44:15 | marcoAntonio · tribute_sent a jugador 1 |
| 44:15 | marcoAntonio · tribute_sent a jugador 2 |
| 44:15 | marcoAntonio · tribute_sent a jugador 3 |
| 44:15 | marcoAntonio · tribute_sent a jugador 4 |
| 44:15 | marcoAntonio · tribute_sent a jugador 5 |
| 44:22 | ShaggyJeff · resign |
[ AI ANALYSIS · 1 CREDIT ]
What really happened in this match?
Wolo.gg analyzes every decision: build order, eco, micro, common mistakes by bracket. Personalized analysis on WhatsApp or Discord in 30 seconds.
Civ guide
Goths
Perfil
Jugador #554845